NEW JERSEY vs DETROIT

Created - April 7, 2021 at 13:47

Goals
1 2 3 T
NEW JERSEY 1 1 0 2
DETROIT 3 1 2 6
Shots
1 2 3 T
NEW JERSEY 11 10 5 26
DETROIT 16 8 13 37

1st period

1. DETROIT , Colton Sceviour 7 (Alexander Wennberg 4) at 6:58
2. DETROIT , Zemgus Girgensons 10 (Max Domi 12, Scott Laughton 15) at 10:40
3. NEW JERSEY , Anders Lee 9 (Evander Kane 14, Jake Muzzin 8) at 11:54
4. DETROIT , Taylor Hall 12 (Christian Dvorak 15, Patrik Nemeth 8) at 15:51

Penalties :
Scott Laughton (DET) for Hooking (Minor) at 16:20

2nd period

5. NEW JERSEY , Samuel Girard 6 (Anders Lee 14, Dylan Strome 14) at 7:46 (PP)
6. DETROIT , Taylor Hall 13 (Andrej Sekera 12, Christian Dvorak 16) at 12:28

Penalties :
Ian Cole (DET) for Hooking (Minor) at 6:45

3rd period

7. DETROIT , Robert Bortuzzo 1 (Chandler Stephenson 8, Taylor Hall 21) at 2:54
8. DETROIT , Zemgus Girgensons 11 (Max Domi 13, Tyler Myers 14) at 4:01

Penalties :
Samuel Girard (NJ ) for Delaying the game (Minor) at 6:40, Alex DeBrincat (NJ ) for Hooking (Minor) at 12:26, Scott Laughton (DET) for Hooking (Minor) at 15:55

Goalie Stats

Matt Murray (NJ ), 31 saves from 37 shots - (0.838), L, 19-16-3, 60:00 minutes
John Gibson (DET), 24 saves from 26 shots - (0.923), W, 23-22-3, 60:00 minutes

Players Stats for NEW JERSEY

Player Name              G  A  P  +/- PIM S  H  SB GA TA FO     MP     PP MP  PK MP  
------------------------------------------------------------------------------------
Alex DeBrincat           0  0  0  -3  2   2  2  0  0  0  1/2    17:39   2:55   0:00 
Anders Lee               1  1  2  -1  0   2  3  0  0  0  1/2    15:54   2:04   0:00 
Andrew Copp              0  0  0  -1  0   1  0  0  0  0  4/8    11:52   0:00   0:32 
Anthony Duclair          0  0  0   0  0   0  0  0  0  0  0/1    11:52   0:00   0:44 
Brad Hunt                0  0  0  -1  0   0  0  0  0  0  0/0    15:57   0:02   0:00 
Danton Heinen            0  0  0  -1  0   0  0  0  0  0  0/1    11:20   0:00   0:00 
Derek Stepan             0  0  0   0  0   0  1  0  0  0  6/10   13:50   0:00   2:42 
Dmitry Orlov             0  0  0  -1  0   1  1  0  0  0  0/0    19:32   2:30   1:53 
Dougie Hamilton          0  0  0  -3  0   2  1  2  0  0  0/0    24:31   2:27   2:05 
Dylan Strome             0  1  1  -1  0   2  0  0  0  0  2/17   15:54   2:04   0:00 
Evander Kane             0  1  1  -1  0   4  3  0  0  0  0/3    17:17   2:55   0:32 
Jake Guentzel            0  0  0  -3  0   3  0  0  0  0  0/0    17:24   2:04   0:35 
Jake Muzzin              0  1  1  -1  0   1  6  2  0  0  0/0    17:32   0:00   2:05 
Jeff Petry               0  0  0  -3  0   2  1  2  0  0  0/0    24:21   2:29   1:53 
Mikael Granlund          0  0  0   0  0   0  0  0  0  0  0/0    11:08   0:00   0:00 
Samuel Girard            1  0  1  -1  2   1  0  1  0  0  0/0    18:06   2:30   0:00 
Sean Couturier           0  0  0  -3  0   4  0  0  0  0  16/30  20:31   2:55   2:51 
Zach Aston-Reese         0  0  0  -1  0   1  1  0  0  0  0/0    11:20   0:00   0:00 

Players Stats for DETROIT

Player Name              G  A  P  +/- PIM S  H  SB GA TA FO     MP     PP MP  PK MP  
------------------------------------------------------------------------------------
Aaron Ekblad             0  0  0   1  0   3  0  0  0  0  0/0    21:38   1:51   2:50 
Alexander Wennberg       0  1  1   1  0   1  0  0  0  0  7/13   15:44   0:00   0:00 
Andrej Sekera            0  1  1   2  0   1  0  0  0  0  0/0    13:13   0:00   0:31 
Brendan Smith            0  0  0   1  0   1  0  1  0  0  0/0     6:44   0:00   0:00 
Calle Jarnkrok           0  0  0   1  0   1  2  0  0  0  1/2    17:30   2:07   1:26 
Chandler Stephenson      0  1  1   1  0   2  0  0  0  0  2/5     5:10   0:00   0:00 
Christian Dvorak         0  2  2   1  0   0  1  0  0  0  17/23  16:55   2:07   1:26 
Colton Sceviour          1  0  1   1  0   3  0  0  0  0  0/0    15:44   0:00   0:00 
Ian Cole                 0  0  0   1  2   1  2  0  0  0  0/0    18:24   2:07   1:38 
Justin Abdelkader        0  0  0   1  0   3  1  0  0  0  0/0    16:13   0:00   0:29 
Max Domi                 0  2  2   2  0   3  0  0  0  0  1/3    21:59   1:51   3:17 
Oscar Klefbom            0  0  0   1  0   1  0  1  0  0  0/0    18:56   2:07   2:09 
Patrik Nemeth            0  1  1   2  0   1  1  0  0  0  0/0    12:42   0:00   0:00 
Robert Bortuzzo          1  0  1   1  0   3  0  1  0  0  0/0     6:44   0:00   0:00 
Scott Laughton           0  1  1   2  4   3  2  0  0  0  11/20  18:36   1:51   0:00 
Taylor Hall              2  1  3   2  0   5  1  0  0  0  3/6    23:20   2:07   3:20 
Tyler Myers              0  1  1   1  0   1  2  0  0  0  0/0    21:38   1:51   2:50 
Valeri Nichushkin        0  0  0   1  0   1  0  0  0  0  1/1     5:10   0:00   0:00 
Zemgus Girgensons        2  0  2   2  0   3  1  1  0  0  1/1    18:38   1:51   0:00 

3 Stars

1 - Taylor Hall (DET)
2 - Zemgus Girgensons (DET)
3 - Max Domi (DET)

Power Play

NEW JERSEY - 1 on 3 Attempt(s) - 33.33%
DETROIT - 0 on 2 Attempt(s) - 0.00%

Penalty Kill

NEW JERSEY - 2 on 2 Attempt(s) - 100.00% - Score 0 goal in Penalty Kill
DETROIT - 2 on 3 Attempt(s) - 66.67% - Score 0 goal in Penalty Kill

Team Stat

NEW JERSEY - Hits : 19 - Faceoff Wins : 30 - Blocked Shots : 7 - Penalty Minutes : 4
DETROIT - Hits : 13 - Faceoff Wins : 44 - Blocked Shots : 4 - Penalty Minutes : 6

Official

Referees : Garrett Rank and Filip Stahl
Linesman : Kevin Fuhr and Kory Nagy

Game Notes

No Game Note

Finance

Level 1 -- Attendance: 4146 (69.10%) -- Ticket Income $456,060
Level 2 -- Attendance: 3625 (72.50%) -- Ticket Income $217,500
Level 3 -- Attendance: 1351 (67.55%) -- Ticket Income $54,040
Level 4 -- Attendance: 2517 (62.93%) -- Ticket Income $62,925
Luxury Box -- Attendance: 883 (88.30%) -- Ticket Income $158,940
Game was played at the Little Caesars Arena.
Total Attendance: 12522 (69.57%)
Total Ticket Income: $949,465
Total Income: $949,465

NEW JERSEY

5 vs 5 Forward 
   Center                   Left Wing                Right Wing               Time % Phy DF OF 
 1 Sean Couturier           Alex DeBrincat           Jake Guentzel            35     1   2  2  
 2 Dylan Strome             Anders Lee               Evander Kane             30     1   2  2  
 3 Derek Stepan             Mikael Granlund          Anthony Duclair          20     1   2  2  
 4 Andrew Copp              Zach Aston-Reese         Danton Heinen            15     1   2  2  

5 vs 5 Defense 
   Defense                  Defense                                           Time % Phy DF OF 
 1 Dougie Hamilton          Jeff Petry                                        35     1   2  2  
 2 Jake Muzzin              Dmitry Orlov                                      30     1   2  2  
 3 Samuel Girard            Brad Hunt                                         25     1   2  2  
 4 Dougie Hamilton          Jeff Petry                                        10     1   2  2  

PowerPlay Forward 
   Center                   Left Wing                Right Wing               Time % Phy DF OF 
 1 Sean Couturier           Evander Kane             Alex DeBrincat           60     1   2  2  
 2 Dylan Strome             Anders Lee               Jake Guentzel            40     1   2  2  

PowerPlay Defense
   Defense                  Defense                                           Time % Phy DF OF 
 1 Dougie Hamilton          Jeff Petry                                        60     1   2  2  
 2 Samuel Girard            Dmitry Orlov                                      40     1   2  2  

Penalty Kill 4 Players Forward 
   Center                   Wing                     Time % Phy DF OF 
 1 Sean Couturier           Derek Stepan             60     1   2  2  
 2 Andrew Copp              Evander Kane             40     1   2  2  

Penalty Kill 4 Players Defense
   Defense                  Defense                  Time % Phy DF OF 
 1 Dougie Hamilton          Jake Muzzin              60     1   2  2  
 2 Jeff Petry               Dmitry Orlov             40     1   2  2  

Penalty Kill - 3 Players Forward 
   Forward                                           Time % Phy DF OF 
 1 Sean Couturier                                    60     1   2  2  
 2 Derek Stepan                                      40     1   2  2  

Penalty Kill - 3 Players Defense
   Defense                  Defense                  Time % Phy DF OF 
 1 Dougie Hamilton          Jake Muzzin              60     1   2  2  
 2 Jeff Petry               Dmitry Orlov             40     1   2  2  

4 vs 4 Forward 
   Center                   Wing                     Time % Phy DF OF 
 1 Sean Couturier           Jake Guentzel            60     1   2  2  
 2 Dylan Strome             Evander Kane             40     1   2  2  

4 vs 4 Defense
   Defense                  Defense                  Time % Phy DF OF 
 1 Dougie Hamilton          Jeff Petry               60     1   2  2  
 2 Samuel Girard            Dmitry Orlov             40     1   2  2  

Last Minutes Offensive
   Center                   Left Wing                Right Wing               Defense                  Defense                  
   Sean Couturier           Anders Lee               Evander Kane             Dougie Hamilton          Jeff Petry               

Last Minutes Defensive
   Center                   Left Wing                Right Wing               Defense                  Defense                  
   Sean Couturier           Anders Lee               Evander Kane             Dougie Hamilton          Jeff Petry               

Goaltenders
Starting : Matt Murray              
Backup : Cal Petersen             

Extra Forwards
Normal : Andrew Copp, Mikael Granlund, Anthony Duclair - PP : Andrew Copp, Mikael Granlund - PK : Anthony Duclair
Extra Defensemen
Normal : Samuel Girard, Brad Hunt, Jake Muzzin - PP : Samuel Girard - PK : Brad Hunt, Jake Muzzin
Penalty Shots
Sean Couturier, Anders Lee, Evander Kane, Jake Guentzel, Alex DeBrincat

Scratches
Jonathan Bernier (Healthy)

DETROIT

5 vs 5 Forward 
   Center                   Left Wing                Right Wing               Time % Phy DF OF 
 1 Christian Dvorak         Taylor Hall              Calle Jarnkrok           35     1   2  2  
 2 Scott Laughton           Max Domi                 Zemgus Girgensons        30     1   2  2  
 3 Alexander Wennberg       Colton Sceviour          Justin Abdelkader        25     1   2  2  
 4 Chandler Stephenson      Taylor Hall              Valeri Nichushkin        10     1   2  2  

5 vs 5 Defense 
   Defense                  Defense                                           Time % Phy DF OF 
 1 Aaron Ekblad             Tyler Myers                                       35     1   2  2  
 2 Oscar Klefbom            Ian Cole                                          30     1   2  2  
 3 Patrik Nemeth            Andrej Sekera                                     25     1   2  2  
 4 Robert Bortuzzo          Brendan Smith                                     10     1   2  2  

PowerPlay Forward 
   Center                   Left Wing                Right Wing               Time % Phy DF OF 
 1 Christian Dvorak         Taylor Hall              Calle Jarnkrok           60     1   2  2  
 2 Scott Laughton           Max Domi                 Zemgus Girgensons        40     1   2  2  

PowerPlay Defense
   Defense                  Defense                                           Time % Phy DF OF 
 1 Aaron Ekblad             Tyler Myers                                       60     1   2  2  
 2 Oscar Klefbom            Ian Cole                                          40     1   2  2  

Penalty Kill 4 Players Forward 
   Center                   Wing                     Time % Phy DF OF 
 1 Taylor Hall              Max Domi                 60     1   2  2  
 2 Christian Dvorak         Calle Jarnkrok           40     1   2  2  

Penalty Kill 4 Players Defense
   Defense                  Defense                  Time % Phy DF OF 
 1 Aaron Ekblad             Tyler Myers              60     1   2  2  
 2 Oscar Klefbom            Ian Cole                 40     1   2  2  

Penalty Kill - 3 Players Forward 
   Forward                                           Time % Phy DF OF 
 1 Taylor Hall                                       60     1   2  2  
 2 Max Domi                                          40     1   2  2  

Penalty Kill - 3 Players Defense
   Defense                  Defense                  Time % Phy DF OF 
 1 Aaron Ekblad             Tyler Myers              60     1   2  2  
 2 Oscar Klefbom            Ian Cole                 40     1   2  2  

4 vs 4 Forward 
   Center                   Wing                     Time % Phy DF OF 
 1 Taylor Hall              Max Domi                 60     1   2  2  
 2 Christian Dvorak         Calle Jarnkrok           40     1   2  2  

4 vs 4 Defense
   Defense                  Defense                  Time % Phy DF OF 
 1 Aaron Ekblad             Tyler Myers              60     1   2  2  
 2 Oscar Klefbom            Ian Cole                 40     1   2  2  

Last Minutes Offensive
   Center                   Left Wing                Right Wing               Defense                  Defense                  
   Christian Dvorak         Taylor Hall              Calle Jarnkrok           Aaron Ekblad             Tyler Myers              

Last Minutes Defensive
   Center                   Left Wing                Right Wing               Defense                  Defense                  
   Christian Dvorak         Taylor Hall              Calle Jarnkrok           Aaron Ekblad             Tyler Myers              

Goaltenders
Starting : John Gibson              
Backup : Pheonix Copley           

Extra Forwards
Normal : Alexander Wennberg, Colton Sceviour, Justin Abdelkader - PP : Alexander Wennberg, Colton Sceviour - PK : Justin Abdelkader
Extra Defensemen
Normal : Patrik Nemeth, Andrej Sekera, Robert Bortuzzo - PP : Patrik Nemeth - PK : Andrej Sekera, Robert Bortuzzo
Penalty Shots
Taylor Hall, Max Domi, Christian Dvorak, Calle Jarnkrok, Scott Laughton

Scratches
Tomas Nosek (Healthy), DET CAPHIT (Suspend), Ryan Nugent-Hopkins (Healthy)

% Time on Ice - NEW JERSEY

Lines # - Real PCT - Wanted PCT - Time Play
Normal Forward
1 - 29% - 35% - 14:45
2 - 27% - 30% - 13:50
3 - 22% - 20% - 11:08
4 - 22% - 15% - 11:20
Normal Defense
1 - 34% - 35% - 17:33
2 - 30% - 30% - 15:27
3 - 31% - 25% - 15:37
4 - 5% - 10% - 2:26
PP Forward
1 - 59% - 60% - 2:55
2 - 41% - 40% - 2:04
PP Defense
1 - 50% - 60% - 2:29
2 - 50% - 40% - 2:30
PK Forward
1 - 87% - 60% - 3:26
2 - 13% - 40% - 0:32
PK Defense
1 - 53% - 60% - 2:05
2 - 47% - 40% - 1:53
PK3 Forward
1 - 0% - 60%
2 - 0% - 40%
PK3 Defense
1 - 0% - 60%
2 - 0% - 40%
44 Forward
1 - 0% - 60%
2 - 0% - 40%
44 Defense
1 - 0% - 60%
2 - 0% - 40%
Last Minute Offensive  - 0:00
Last Minute Defensive  - 0:00
Total
Forward - 60:00
Defense - 60:00

% Time on Ice - DETROIT

Lines # - Real PCT - Wanted PCT - Time Play
Normal Forward
1 - 26% - 35% - 13:22
2 - 33% - 30% - 16:47
3 - 31% - 25% - 15:44
4 - 10% - 10% - 5:10
Normal Defense
1 - 33% - 35% - 16:57
2 - 29% - 30% - 14:40
3 - 25% - 25% - 12:42
4 - 13% - 10% - 6:44
PP Forward
1 - 53% - 60% - 2:07
2 - 47% - 40% - 1:51
PP Defense
1 - 47% - 60% - 1:51
2 - 53% - 40% - 2:07
PK Forward
1 - 71% - 60% - 3:33
2 - 29% - 40% - 1:26
PK Defense
1 - 57% - 60% - 2:50
2 - 43% - 40% - 2:09
PK3 Forward
1 - 0% - 60%
2 - 0% - 40%
PK3 Defense
1 - 0% - 60%
2 - 0% - 40%
44 Forward
1 - 0% - 60%
2 - 0% - 40%
44 Defense
1 - 0% - 60%
2 - 0% - 40%
Last Minute Offensive  - 0:00
Last Minute Defensive  - 0:00
Total
Forward - 60:00
Defense - 60:00

Play-by-Play

1st period


0:01 of 1st period - Christian Dvorak wins face-off versus Sean Couturier in neutral zone.
0:30 of 1st period - Dougie Hamilton is hit by Tyler Myers and loses puck.
1:02 of 1st period - Shot by Evander Kane.
1:02 of 1st period - Stopped by John Gibson without a rebound.
1:03 of 1st period - Zemgus Girgensons wins face-off versus Derek Stepan in DETROIT zone.
1:33 of 1st period - Shot by Derek Stepan.
1:33 of 1st period - Shot Misses the Net.
1:38 of 1st period - Off-side.
1:39 of 1st period - Alexander Wennberg wins face-off versus Andrew Copp in neutral zone.
2:12 of 1st period - Off-side.
2:13 of 1st period - Chandler Stephenson wins face-off versus Dylan Strome in neutral zone.
2:16 of 1st period - Jeff Petry is hit by Taylor Hall and loses puck.
2:29 of 1st period - Shot by Chandler Stephenson.
2:29 of 1st period - Stopped by Matt Murray without a rebound.
2:30 of 1st period - Sean Couturier wins face-off versus Max Domi in NEW JERSEY zone.
2:43 of 1st period - Shot by Max Domi.
2:43 of 1st period - Shot Blocked by Samuel Girard.
2:49 of 1st period - Shot by Max Domi.
2:49 of 1st period - Stopped by Matt Murray with a rebound.
2:51 of 1st period - Shot by Zemgus Girgensons.
2:51 of 1st period - Stopped by Matt Murray with a rebound.
3:43 of 1st period - Shot by Colton Sceviour.
3:43 of 1st period - Stopped by Matt Murray without a rebound.
3:44 of 1st period - Christian Dvorak wins face-off versus Dylan Strome in NEW JERSEY zone.
4:42 of 1st period - Icing by Dougie Hamilton.
4:43 of 1st period - Scott Laughton wins face-off versus Dylan Strome in NEW JERSEY zone.
5:17 of 1st period - Scott Laughton is hit by Jake Muzzin and loses puck.
5:38 of 1st period - Shot by Anthony Duclair.
5:38 of 1st period - Shot Misses the Net.
5:53 of 1st period - Alexander Wennberg is hit by Jake Muzzin and loses puck.
5:58 of 1st period - Shot by Alexander Wennberg.
5:58 of 1st period - Stopped by Matt Murray without a rebound.
5:59 of 1st period - Andrew Copp wins face-off versus Chandler Stephenson in NEW JERSEY zone.
6:20 of 1st period - Shot by Andrew Copp.
6:20 of 1st period - The goal is going for a video replay.
6:20 of 1st period - The goal is refused.
6:21 of 1st period - Christian Dvorak wins face-off versus Sean Couturier in DETROIT zone.
6:21 of 1st period - Christian Dvorak is hit by Alex DeBrincat.
6:42 of 1st period - Icing by Jeff Petry.
6:43 of 1st period - Scott Laughton wins face-off versus Sean Couturier in NEW JERSEY zone.
6:56 of 1st period - Shot by Scott Laughton.
6:56 of 1st period - Stopped by Matt Murray without a rebound.
6:57 of 1st period - Alexander Wennberg wins face-off versus Dylan Strome in NEW JERSEY zone.
6:58 of 1st period - Shot by Colton Sceviour.
6:58 of 1st period - Goal by Colton Sceviour - NEW JERSEY : 0 - DETROIT : 1.
6:59 of 1st period - Dylan Strome wins face-off versus Christian Dvorak in neutral zone.
7:40 of 1st period - Christian Dvorak is hit by Evander Kane and loses puck.
7:59 of 1st period - Aaron Ekblad is hit by Zach Aston-Reese and loses puck.
8:51 of 1st period - Icing by Aaron Ekblad.
8:52 of 1st period - Alexander Wennberg wins face-off versus Derek Stepan in DETROIT zone.
9:39 of 1st period - Shot by Andrej Sekera.
9:39 of 1st period - Stopped by Matt Murray without a rebound.
9:40 of 1st period - Sean Couturier wins face-off versus Chandler Stephenson in NEW JERSEY zone.
9:53 of 1st period - Shot by Valeri Nichushkin.
9:53 of 1st period - Shot Misses the Net.
9:57 of 1st period - Shot by Taylor Hall.
9:57 of 1st period - Shot Blocked by Dougie Hamilton.
9:59 of 1st period - Shot by Robert Bortuzzo.
9:59 of 1st period - Stopped by Matt Murray with a rebound.
10:01 of 1st period - Shot by Brendan Smith.
10:01 of 1st period - Stopped by Matt Murray without a rebound.
10:02 of 1st period - Christian Dvorak wins face-off versus Dylan Strome in NEW JERSEY zone.
10:18 of 1st period - Icing by Ian Cole.
10:19 of 1st period - Christian Dvorak wins face-off versus Sean Couturier in DETROIT zone.
10:32 of 1st period - Shot by Sean Couturier.
10:32 of 1st period - Stopped by John Gibson without a rebound.
10:33 of 1st period - Scott Laughton wins face-off versus Dylan Strome in DETROIT zone.
10:40 of 1st period - Shot by Zemgus Girgensons.
10:40 of 1st period - Goal by Zemgus Girgensons - NEW JERSEY : 0 - DETROIT : 2.
10:41 of 1st period - Sean Couturier wins face-off versus Scott Laughton in neutral zone.
11:26 of 1st period - Aaron Ekblad is hit by Alex DeBrincat and loses puck.
11:32 of 1st period - Off-side.
11:33 of 1st period - Christian Dvorak wins face-off versus Dylan Strome in neutral zone.
11:40 of 1st period - Shot by Taylor Hall.
11:40 of 1st period - Stopped by Matt Murray without a rebound.
11:41 of 1st period - Christian Dvorak wins face-off versus Dylan Strome in NEW JERSEY zone.
11:54 of 1st period - Shot by Anders Lee.
11:54 of 1st period - Goal by Anders Lee - NEW JERSEY : 1 - DETROIT : 2.
11:55 of 1st period - Alexander Wennberg wins face-off versus Andrew Copp in neutral zone.
12:41 of 1st period - Colton Sceviour is hit by Anders Lee and loses puck.
14:20 of 1st period - Shot by Alex DeBrincat.
14:20 of 1st period - Deflect By Sean Couturier.
14:20 of 1st period - Stopped by John Gibson without a rebound.
14:21 of 1st period - Scott Laughton wins face-off versus Danton Heinen in DETROIT zone.
14:43 of 1st period - Icing by Scott Laughton.
14:44 of 1st period - Scott Laughton wins face-off versus Sean Couturier in DETROIT zone.
15:01 of 1st period - Shot by Scott Laughton.
15:01 of 1st period - Shot Misses the Net.
15:03 of 1st period - Shot by Aaron Ekblad.
15:03 of 1st period - Stopped by Matt Murray with a rebound.
15:05 of 1st period - Shot by Max Domi.
15:05 of 1st period - Stopped by Matt Murray without a rebound.
15:06 of 1st period - Valeri Nichushkin wins face-off versus Evander Kane in NEW JERSEY zone.
15:16 of 1st period - Valeri Nichushkin is hit by Jake Muzzin and loses puck.
15:21 of 1st period - Shot by Robert Bortuzzo.
15:21 of 1st period - Stopped by Matt Murray without a rebound.
15:22 of 1st period - Alex DeBrincat wins face-off versus Christian Dvorak in NEW JERSEY zone.
15:49 of 1st period - Shot by Taylor Hall.
15:49 of 1st period - Shot Misses the Net.
15:51 of 1st period - Shot by Taylor Hall.
15:51 of 1st period - Goal by Taylor Hall - NEW JERSEY : 1 - DETROIT : 3.
15:52 of 1st period - Scott Laughton wins face-off versus Dylan Strome in neutral zone.
16:01 of 1st period - Shot by Max Domi.
16:01 of 1st period - Shot Misses the Net.
16:20 of 1st period - Minor Penalty to Scott Laughton for Hooking.
16:21 of 1st period - Sean Couturier wins face-off versus Taylor Hall in DETROIT zone.
16:26 of 1st period - Shot by Dougie Hamilton.
16:26 of 1st period - Stopped by John Gibson without a rebound.
16:27 of 1st period - Sean Couturier wins face-off versus Taylor Hall in DETROIT zone.
16:28 of 1st period - Shot by Dougie Hamilton.
16:28 of 1st period - Stopped by John Gibson without a rebound.
16:29 of 1st period - Taylor Hall wins face-off versus Dylan Strome in DETROIT zone.
16:53 of 1st period - Shot by Jake Guentzel.
16:53 of 1st period - Deflect By Anders Lee.
16:53 of 1st period - Stopped by John Gibson without a rebound.
16:54 of 1st period - Taylor Hall wins face-off versus Sean Couturier in DETROIT zone.
16:54 of 1st period - Taylor Hall is hit by Evander Kane.
17:04 of 1st period - Shot by Evander Kane.
17:04 of 1st period - Stopped by John Gibson with a rebound.
17:22 of 1st period - Shot by Evander Kane.
17:22 of 1st period - Stopped by John Gibson with a rebound.
18:11 of 1st period - Shot by Jeff Petry.
18:11 of 1st period - Stopped by John Gibson without a rebound.
18:12 of 1st period - Calle Jarnkrok wins face-off versus Anders Lee in DETROIT zone.
18:20 of 1st period - Jeff Petry is hit by Justin Abdelkader and loses puck.
18:27 of 1st period - Icing by Andrej Sekera.
18:28 of 1st period - Derek Stepan wins face-off versus Alexander Wennberg in DETROIT zone.
19:18 of 1st period - Samuel Girard is hit by Tyler Myers and loses puck.
19:37 of 1st period - Icing by Aaron Ekblad.
19:38 of 1st period - Dylan Strome wins face-off versus Scott Laughton in DETROIT zone.
19:41 of 1st period - Shot by Anders Lee.
19:41 of 1st period - Shot Blocked by Zemgus Girgensons.
19:55 of 1st period - Shot by Max Domi.
19:55 of 1st period - Shot Misses the Net.
19:57 of 1st period - Shot by Tyler Myers.
19:57 of 1st period - Shot Blocked by Jake Muzzin.
Goals for this period are 1 for NEW JERSEY vs 3 for DETROIT.
Shots for this period are 11 for NEW JERSEY vs 16 for DETROIT.

2nd period


0:01 of 2nd period - Christian Dvorak wins face-off versus Sean Couturier in neutral zone.
0:08 of 2nd period - Jeff Petry is hit by Calle Jarnkrok and loses puck.
0:23 of 2nd period - Shot by Jake Guentzel.
0:23 of 2nd period - Deflect By Alex DeBrincat.
0:23 of 2nd period - Shot Misses the Net.
0:25 of 2nd period - Shot by Jeff Petry.
0:25 of 2nd period - Stopped by John Gibson without a rebound.
0:26 of 2nd period - Anders Lee wins face-off versus Scott Laughton in DETROIT zone.
0:34 of 2nd period - Icing by Scott Laughton.
0:35 of 2nd period - Andrew Copp wins face-off versus Scott Laughton in DETROIT zone.
1:17 of 2nd period - Tyler Myers is hit by Jake Muzzin and loses puck.
1:42 of 2nd period - Icing by Ian Cole.
1:43 of 2nd period - Christian Dvorak wins face-off versus Sean Couturier in DETROIT zone.
1:56 of 2nd period - Shot by Sean Couturier.
1:56 of 2nd period - Shot Blocked by Oscar Klefbom.
2:43 of 2nd period - Shot by Colton Sceviour.
2:43 of 2nd period - Deflect By Alexander Wennberg.
2:43 of 2nd period - Shot Misses the Net.
3:17 of 2nd period - Shot by Dylan Strome.
3:17 of 2nd period - Shot Blocked by Robert Bortuzzo.
3:50 of 2nd period - Icing by Andrej Sekera.
3:51 of 2nd period - Derek Stepan wins face-off versus Scott Laughton in DETROIT zone.
4:44 of 2nd period - Shot by Christian Dvorak.
4:44 of 2nd period - Shot Misses the Net.
4:56 of 2nd period - Shot by Andrew Copp.
4:56 of 2nd period - Shot Misses the Net.
5:02 of 2nd period - Shot by Zach Aston-Reese.
5:02 of 2nd period - Stopped by John Gibson without a rebound.
5:03 of 2nd period - Chandler Stephenson wins face-off versus Evander Kane in DETROIT zone.
5:50 of 2nd period - Shot by Alex DeBrincat.
5:50 of 2nd period - Stopped by John Gibson without a rebound.
5:51 of 2nd period - Sean Couturier wins face-off versus Alexander Wennberg in DETROIT zone.
5:54 of 2nd period - Shot by Jake Guentzel.
5:54 of 2nd period - Stopped by John Gibson without a rebound.
5:55 of 2nd period - Sean Couturier wins face-off versus Alexander Wennberg in DETROIT zone.
5:56 of 2nd period - Shot by Alex DeBrincat.
5:56 of 2nd period - Deflect By Jake Guentzel.
5:56 of 2nd period - Stopped by John Gibson without a rebound.
5:57 of 2nd period - Sean Couturier wins face-off versus Alexander Wennberg in DETROIT zone.
6:29 of 2nd period - Off-side.
6:30 of 2nd period - Scott Laughton wins face-off versus Dylan Strome in neutral zone.
6:42 of 2nd period - Evander Kane is hit by Scott Laughton.
6:45 of 2nd period - Minor Penalty to Ian Cole for Hooking.
6:46 of 2nd period - Sean Couturier wins face-off versus Taylor Hall in DETROIT zone.
6:51 of 2nd period - Shot by Dougie Hamilton.
6:51 of 2nd period - Shot Misses the Net.
7:42 of 2nd period - Shot by Dylan Strome.
7:42 of 2nd period - Shot Misses the Net.
7:44 of 2nd period - Shot by Anders Lee.
7:44 of 2nd period - Shot Misses the Net.
7:46 of 2nd period - Shot by Samuel Girard.
7:46 of 2nd period - Goal by Samuel Girard - NEW JERSEY : 2 - DETROIT : 3.
7:47 of 2nd period - Derek Stepan wins face-off versus Alexander Wennberg in neutral zone.
8:52 of 2nd period - Shot by Andrew Copp.
8:52 of 2nd period - Shot Blocked by Brendan Smith.
9:42 of 2nd period - Shot by Jake Guentzel.
9:42 of 2nd period - Stopped by John Gibson without a rebound.
9:43 of 2nd period - Christian Dvorak wins face-off versus Dylan Strome in DETROIT zone.
9:43 of 2nd period - Christian Dvorak is hit by Anders Lee.
9:59 of 2nd period - Shot by Calle Jarnkrok.
9:59 of 2nd period - Shot Misses the Net.
10:01 of 2nd period - Shot by Aaron Ekblad.
10:01 of 2nd period - Stopped by Matt Murray without a rebound.
10:02 of 2nd period - Max Domi wins face-off versus Derek Stepan in NEW JERSEY zone.
10:16 of 2nd period - Mikael Granlund is hit by Ian Cole and loses puck.
10:29 of 2nd period - Shot by Max Domi.
10:29 of 2nd period - Shot Misses the Net.
10:31 of 2nd period - Shot by Oscar Klefbom.
10:31 of 2nd period - Stopped by Matt Murray without a rebound.
10:32 of 2nd period - Sean Couturier wins face-off versus Christian Dvorak in NEW JERSEY zone.
10:32 of 2nd period - Sean Couturier is hit by Calle Jarnkrok.
10:51 of 2nd period - Shot by Sean Couturier.
10:51 of 2nd period - Shot Misses the Net.
10:56 of 2nd period - Jake Guentzel is hit by Patrik Nemeth and loses puck.
11:03 of 2nd period - Shot by Sean Couturier.
11:03 of 2nd period - Stopped by John Gibson without a rebound.
11:04 of 2nd period - Scott Laughton wins face-off versus Dylan Strome in DETROIT zone.
11:04 of 2nd period - Scott Laughton is hit by Evander Kane.
11:10 of 2nd period - Jeff Petry is hit by Scott Laughton and loses puck.
11:32 of 2nd period - Shot by Zemgus Girgensons.
11:32 of 2nd period - Shot Blocked by Jeff Petry.
11:34 of 2nd period - Shot by Scott Laughton.
11:34 of 2nd period - Stopped by Matt Murray with a rebound.
11:36 of 2nd period - Shot by Scott Laughton.
11:36 of 2nd period - Deflect By Max Domi.
11:36 of 2nd period - Shot Blocked by Jeff Petry.
11:38 of 2nd period - Shot by Tyler Myers.
11:38 of 2nd period - Stopped by Matt Murray with a rebound.
11:40 of 2nd period - Shot by Scott Laughton.
11:40 of 2nd period - Deflect By Max Domi.
11:40 of 2nd period - Shot Misses the Net.
11:42 of 2nd period - Shot by Zemgus Girgensons.
11:42 of 2nd period - Shot Misses the Net.
12:02 of 2nd period - Shot by Valeri Nichushkin.
12:02 of 2nd period - Stopped by Matt Murray without a rebound.
12:03 of 2nd period - Christian Dvorak wins face-off versus Sean Couturier in NEW JERSEY zone.
12:28 of 2nd period - Shot by Taylor Hall.
12:28 of 2nd period - Goal by Taylor Hall - NEW JERSEY : 2 - DETROIT : 4.
12:29 of 2nd period - Alexander Wennberg wins face-off versus Derek Stepan in neutral zone.
12:45 of 2nd period - Icing by Brad Hunt.
12:46 of 2nd period - Derek Stepan wins face-off versus Max Domi in NEW JERSEY zone.
13:34 of 2nd period - Shot by Jake Guentzel.
13:34 of 2nd period - Shot Misses the Net.
14:07 of 2nd period - Shot by Sean Couturier.
14:07 of 2nd period - Shot Misses the Net.
14:16 of 2nd period - Tyler Myers is hit by Jake Muzzin.
14:36 of 2nd period - Shot by Taylor Hall.
14:36 of 2nd period - Stopped by Matt Murray without a rebound.
14:37 of 2nd period - Alexander Wennberg wins face-off versus Andrew Copp in NEW JERSEY zone.
14:38 of 2nd period - Shot by Justin Abdelkader.
14:38 of 2nd period - Stopped by Matt Murray with a rebound.
15:37 of 2nd period - Shot by Dylan Strome.
15:37 of 2nd period - Deflect By Evander Kane.
15:37 of 2nd period - Shot Misses the Net.
18:09 of 2nd period - Shot by Dylan Strome.
18:09 of 2nd period - Stopped by John Gibson with a rebound.
18:11 of 2nd period - Shot by Jake Muzzin.
18:11 of 2nd period - Stopped by John Gibson without a rebound.
18:12 of 2nd period - Andrew Copp wins face-off versus Chandler Stephenson in DETROIT zone.
Goals for this period are 1 for NEW JERSEY vs 1 for DETROIT.
Shots for this period are 10 for NEW JERSEY vs 8 for DETROIT.

3rd period


0:01 of 3rd period - Sean Couturier wins face-off versus Christian Dvorak in neutral zone.
0:06 of 3rd period - Shot by Sean Couturier.
0:06 of 3rd period - Shot Misses the Net.
1:13 of 3rd period - Dmitry Orlov is hit by Zemgus Girgensons and loses puck.
2:52 of 3rd period - Shot by Chandler Stephenson.
2:52 of 3rd period - Stopped by Matt Murray with a rebound.
2:54 of 3rd period - Shot by Robert Bortuzzo.
2:54 of 3rd period - Goal by Robert Bortuzzo - NEW JERSEY : 2 - DETROIT : 5.
2:55 of 3rd period - Christian Dvorak wins face-off versus Sean Couturier in neutral zone.
3:02 of 3rd period - Shot by Taylor Hall.
3:02 of 3rd period - Shot Misses the Net.
3:27 of 3rd period - Icing by Jeff Petry.
3:28 of 3rd period - Scott Laughton wins face-off versus Sean Couturier in NEW JERSEY zone.
3:43 of 3rd period - Shot by Tyler Myers.
3:43 of 3rd period - Shot Misses the Net.
4:01 of 3rd period - Shot by Max Domi.
4:01 of 3rd period - Deflect By Zemgus Girgensons.
4:01 of 3rd period - Goal by Zemgus Girgensons - NEW JERSEY : 2 - DETROIT : 6.
4:02 of 3rd period - Alexander Wennberg wins face-off versus Dylan Strome in neutral zone.
6:00 of 3rd period - Shot by Scott Laughton.
6:00 of 3rd period - Stopped by Matt Murray with a rebound.
6:04 of 3rd period - Shot by Scott Laughton.
6:04 of 3rd period - Shot Misses the Net.
6:40 of 3rd period - Minor Penalty to Samuel Girard for Delaying the game.
6:41 of 3rd period - Sean Couturier wins face-off versus Christian Dvorak in NEW JERSEY zone.
6:54 of 3rd period - Shot by Taylor Hall.
6:54 of 3rd period - Stopped by Matt Murray with a rebound.
7:41 of 3rd period - Icing by Scott Laughton.
7:42 of 3rd period - Scott Laughton wins face-off versus Anthony Duclair in DETROIT zone.
8:17 of 3rd period - Shot by Ian Cole.
8:17 of 3rd period - Deflect By Christian Dvorak.
8:17 of 3rd period - Shot Misses the Net.
8:31 of 3rd period - Dougie Hamilton is hit by Christian Dvorak and loses puck.
8:54 of 3rd period - Shot by Justin Abdelkader.
8:54 of 3rd period - Stopped by Matt Murray with a rebound.
9:19 of 3rd period - Shot by Colton Sceviour.
9:19 of 3rd period - Shot Blocked by Dougie Hamilton.
9:45 of 3rd period - Shot by Sean Couturier.
9:45 of 3rd period - Stopped by John Gibson without a rebound.
9:46 of 3rd period - Derek Stepan wins face-off versus Scott Laughton in DETROIT zone.
9:53 of 3rd period - Shot by Derek Stepan.
9:53 of 3rd period - Shot Hit the Post.
11:20 of 3rd period - Shot by Valeri Nichushkin.
11:20 of 3rd period - Shot Misses the Net.
11:22 of 3rd period - Shot by Robert Bortuzzo.
11:22 of 3rd period - Shot Misses the Net.
12:02 of 3rd period - Shot by Colton Sceviour.
12:02 of 3rd period - Stopped by Matt Murray without a rebound.
12:03 of 3rd period - Christian Dvorak wins face-off versus Evander Kane in NEW JERSEY zone.
12:03 of 3rd period - Christian Dvorak is hit by Jake Muzzin.
12:09 of 3rd period - Shot by Christian Dvorak.
12:09 of 3rd period - Shot Misses the Net.
12:15 of 3rd period - Shot by Calle Jarnkrok.
12:15 of 3rd period - Stopped by Matt Murray without a rebound.
12:16 of 3rd period - Christian Dvorak wins face-off versus Sean Couturier in NEW JERSEY zone.
12:16 of 3rd period - Oscar Klefbom is hit by Jeff Petry and loses puck.
12:26 of 3rd period - Minor Penalty to Alex DeBrincat for Hooking.
12:27 of 3rd period - Sean Couturier wins face-off versus Scott Laughton in NEW JERSEY zone.
12:50 of 3rd period - Shot by Max Domi.
12:50 of 3rd period - Stopped by Matt Murray without a rebound.
12:51 of 3rd period - Christian Dvorak wins face-off versus Sean Couturier in NEW JERSEY zone.
12:52 of 3rd period - Shot by Oscar Klefbom.
12:52 of 3rd period - Shot Blocked by Jake Muzzin.
13:01 of 3rd period - Icing by Taylor Hall.
13:02 of 3rd period - Sean Couturier wins face-off versus Calle Jarnkrok in DETROIT zone.
13:21 of 3rd period - Shot by Ian Cole.
13:21 of 3rd period - Stopped by Matt Murray without a rebound.
13:22 of 3rd period - Sean Couturier wins face-off versus Scott Laughton in NEW JERSEY zone.
13:30 of 3rd period - Icing by Max Domi.
13:31 of 3rd period - Scott Laughton wins face-off versus Sean Couturier in DETROIT zone.
13:31 of 3rd period - Scott Laughton is hit by Derek Stepan.
13:55 of 3rd period - Shot by Max Domi.
13:55 of 3rd period - Shot Misses the Net.
14:11 of 3rd period - Shot by Aaron Ekblad.
14:11 of 3rd period - Stopped by Matt Murray without a rebound.
14:12 of 3rd period - Sean Couturier wins face-off versus Christian Dvorak in NEW JERSEY zone.
14:53 of 3rd period - Shot by Dylan Strome.
14:53 of 3rd period - Stopped by John Gibson without a rebound.
14:54 of 3rd period - Christian Dvorak wins face-off versus Andrew Copp in DETROIT zone.
15:55 of 3rd period - Minor Penalty to Scott Laughton for Hooking.
15:56 of 3rd period - Taylor Hall wins face-off versus Alex DeBrincat in DETROIT zone.
16:25 of 3rd period - Shot by Alex DeBrincat.
16:25 of 3rd period - Stopped by John Gibson with a rebound.
16:27 of 3rd period - Shot by Dmitry Orlov.
16:27 of 3rd period - Stopped by John Gibson with a rebound.
16:37 of 3rd period - Shot by Evander Kane.
16:37 of 3rd period - Stopped by John Gibson without a rebound.
16:38 of 3rd period - Christian Dvorak wins face-off versus Dylan Strome in DETROIT zone.
16:49 of 3rd period - Ian Cole is hit by Anders Lee.
16:53 of 3rd period - Dylan Strome is hit by Ian Cole and loses puck.
18:12 of 3rd period - Shot by Justin Abdelkader.
18:12 of 3rd period - Stopped by Matt Murray without a rebound.
18:13 of 3rd period - Andrew Copp wins face-off versus Alexander Wennberg in NEW JERSEY zone.
18:33 of 3rd period - Patrik Nemeth is hit by Dmitry Orlov and loses puck.
18:40 of 3rd period - Shot by Alexander Wennberg.
18:40 of 3rd period - Shot Misses the Net.
18:42 of 3rd period - Shot by Patrik Nemeth.
18:42 of 3rd period - Stopped by Matt Murray without a rebound.
18:43 of 3rd period - Derek Stepan wins face-off versus Scott Laughton in NEW JERSEY zone.
19:20 of 3rd period - Max Domi is hit by Dougie Hamilton and loses puck.
Goals for this period are 0 for NEW JERSEY vs 2 for DETROIT.
Shots for this period are 5 for NEW JERSEY vs 13 for DETROIT.